 Dungeon Crawl Stone Soup version 0.30-a0-457-g4b7bca3bfa (webtiles) character file.

Game seed: 16359832189298872482

239 dixiedixie the Stinger (level 5, -4/35 HPs)
             Began as a Demonspawn Venom Mage on Dec 13, 2022.
             Shot with an arrow by a centaur (9 damage)
             ... on level 6 of the Dungeon.
             The game lasted 00:17:12 (3406 turns).

dixiedixie the Stinger (Demonspawn Venom Mage)      Turns: 3406, Time: 00:17:12

Health: -4/35      AC:  3    Str:  8    XL:     5   Next: 79%
Magic:  4/7        EV: 12    Int: 18    God:
Gold:   106        SH:  0    Dex: 14    Spells: 2/8 levels left

rFire   . . .      SeeInvis +    e - +0 short sword (venom)
rCold   . . .      Faith    .    (no shield)
rNeg    . . .      Spirit   .    a - +0 robe
rPois   .          Reflect  .    (no helmet)
rElec   .          Harm     .    (no cloak)
rCorr   .          Rampage  .    (no gloves)
Will    .....      Clarity  +    (no boots)
Stlth   ++........               (no amulet)
HPRegen 0.25/turn                d - ring of see invisible
MPRegen 0.10/turn                v - ring of wizardry

@: on berserk cooldown, slowed, very slow
A: icy blue scales 1, demonic magic 1, weakness stinger 1, clarity, deformed
body, low MP 1
a: no special abilities


You were on level 6 of the Dungeon.
You visited 1 branch of the dungeon, and saw 5 of its levels.

You collected 106 gold pieces.

Inventory:

Hand Weapons
 e - a +0 short sword of venom (weapon)
 p - a +2 vorpal spear
 t - a +1 dagger of flaming
Missiles
 c - 2 javelins
 f - 7 stones
 l - 6 boomerangs
 x - 5 datura-tipped darts
Armour
 a - a +0 robe (worn)
Magical Staves
 o - a staff of death
Jewellery
 d - a ring of see invisible (left hand)
 v - a ring of wizardry (right hand)
Scrolls
 k - 2 scrolls of immolation
 n - 6 scrolls of identify {unknown}
 u - a scroll of fog {unknown}
 y - a scroll of teleportation {unknown}
 z - a scroll of fear {unknown}
 A - a scroll of magic mapping {unknown}
 B - a scroll of poison {unknown}
Potions
 b - 2 potions of magic
 h - a potion of brilliance {unknown}
 i - 2 potions of mutation
 m - a potion of degeneration {unknown}
 q - a potion of berserk rage
 r - a potion of lignification {unknown}
 s - a potion of curing {unknown}
 w - a potion of flight {unknown}


   Skills:
 - Level 1.7 Dodging
 - Level 1.7 Stealth
 - Level 2.0 Spellcasting
 - Level 0.8 Transmutations
 + Level 6.6 Poison Magic


You had 2 spell levels left.
You knew the following spells:

 Your Spells              Type           Power      Damage    Failure   Level
a - Sting                 Tmut/Pois      60%        1d6       1%          1
b - Poisonous Vapours     Pois/Air       26%        N/A       2%          2
c - Mephitic Cloud        Conj/Pois/Air  9%         N/A       9%          3

Your spell library contained the following spells:

 Spells                   Type           Power      Damage    Failure   Level
 Olgreb's Toxic Radiance  Pois           25%        N/A       4%          4


Dungeon Overview and Level Annotations

Branches:
Dungeon (6/15)
 Temple: D:4-7

Altars:
Xom

Annotations:
D:5 Eustachio


Innate Abilities, Weirdness & Mutations

You are partially covered in icy blue scales. (AC +2)
Spells you cast may paralyse adjacent enemies.
You have a small tail.
You possess an exceptional clarity of mind.
Armour fits poorly on your strangely shaped body.
Your magical capacity is low. (-10% MP)


Message History

The centaur kicks your butterfly.
Your butterfly dies!
Your butterfly disappears in a burst of colours!
You swap places.
Something hits your butterfly!
Your butterfly dies!
Your butterfly disappears in a burst of colours!
Something hits your butterfly.
Your butterfly dies!
Your butterfly disappears in a burst of colours!
You now have 106 gold pieces (gained 8).
Something hits your butterfly.
Your butterfly dies!
Your butterfly disappears in a burst of colours!
Something hits your butterfly.
Your butterfly dies!
Your butterfly disappears in a burst of colours!
Okay, then.
Casting: Mephitic Cloud (dangerous; 9% risk of failure)
Confirm with . or Enter, or press ? or * to list all spells.
Aiming: Mephitic Cloud (dangerous; 9% risk of failure)
Press: ? - help, Shift-Dir - straight line The ball explodes into a vile cloud!
The stinking cloud engulfs your butterfly but does no damage. x3
Malevolent energies surge around you.
Your butterfly is engulfed in noxious fumes.
Your butterfly appears confused.
Your butterfly is engulfed in noxious fumes.
Your butterfly appears confused.
Your butterfly is engulfed in noxious fumes.
Your butterfly appears confused.
The centaur hits your butterfly!
Your butterfly dies!
Your butterfly disappears in a burst of colours!
Your butterfly is engulfed in noxious fumes.
Your butterfly appears confused.
Your butterfly is engulfed in noxious fumes.
Your butterfly appears confused.
The centaur wields a +0 shortbow.
The centaur shoots an arrow.
The arrow hits you!
You die... . #.$.. #. . #.... ###. .## #.... #... # #bb

.c... #.## #.#b#
#.#... #.#
#b#b####.##.#####.#
#.☼bc.b#........#.#
#<##.#..#.##.(#.#
#@##.#..#c##..#.#
#.b...b.#.......#
####..........###
####.......#
#.<....## ###.####
#.# ... #...#


You could see a centaur (ally target).

Vanquished Creatures
  A black bear (D:3)
  A jelly (D:3)
  2 adders (D:3)
  3 gnolls (D:3)
  3 worms
  3 orcs (D:3)
  5 endoplasms
  2 giant cockroaches
  7 goblins
  6 hobgoblins
  7 jackals (D:2)
  2 quokkas
  3 ball pythons
  5 bats
  A frilled lizard (D:1)
  4 kobolds
  9 rats
64 creatures vanquished.

Vanquished Creatures (others)
  A plant (D:1)
1 creature vanquished.

Grand Total: 65 creatures vanquished

Notes
Turn   | Place    | Note
-------+----------+-------------------------------------------
     0 | D:1      | dixiedixie the Demonspawn Venom Mage began the quest for
                  | the Orb.
     0 | D:1      | Reached XP level 1. HP: 13/13 MP: 3/3
   159 | D:1      | Gained mutation: You have a small tail. [demonic ancestry]
   159 | D:1      | Reached XP level 2. HP: 19/19 MP: 0/5
   775 | D:1      | Reached skill level 4 in Poison Magic
  1220 | D:1      | Found a faded altar of an unknown god.
  1447 | D:2      | Gained mutation: Spells you cast may paralyse adjacent
                  | enemies. [demonic ancestry]
  1447 | D:2      | Reached XP level 3. HP: 19/24 MP: 2/6
  1587 | D:2      | Learned a level 2 spell: Poisonous Vapours
  2320 | D:3      | Learned a level 3 spell: Mephitic Cloud
  2336 | D:3      | Found a shimmering altar of Xom.
  2435 | D:3      | Gained mutation: You are partially covered in icy blue
                  | scales. (AC +2) [demonic ancestry]
  2435 | D:3      | Reached XP level 4. HP: 23/30 MP: 4/7
  2442 | D:3      | Reached skill level 5 in Poison Magic
  2896 | D:3      | Reached XP level 5. HP: 35/35 MP: 6/8
  3192 | D:3      | Noticed a black bear
  3207 | D:3      | Killed a black bear
  3208 | D:3      | Reached skill level 6 in Poison Magic
  3291 | D:3      | You fall into a shaft and drop 3 floors!
  3334 | D:6      | Noticed a centaur
  3344 | D:5      | Entered Level 5 of the Dungeon
  3346 | D:5      | Noticed an ogre
  3376 | D:5      | Gained mutation: Your magical capacity is low. (-10% MP)
                  | [potion of mutation]
  3376 | D:5      | Gained mutation: Armour fits poorly on your strangely
                  | shaped body. [potion of mutation]
  3376 | D:5      | Gained mutation: You possess an exceptional clarity of
                  | mind. [potion of mutation]
  3389 | D:5      | HP: 1/35 [poisoned by a scorpion]
  3393 | D:5      | Noticed Eustachio
  3406 | D:6      | Shot with an arrow by a centaur

Illustrated notes

Levels and vault maps discovered:
D:1:      wander_arrival_peaceful_grave, layout_basic,
          shapermc_ecumenical_altar_hornbeckon, kennysheep_small_spiral
D:2:      layout_basic, minmay_heptomino_d4
D:3:      layout_basic, dk_xom_monty_hall
D:5:      lemuel_castle_with_subvaults [lemuel_castle_interior_original],
          layout_loops_cross, kennysheep_mini_moat, amcnicky_altar_gilded,
          kennysheep_slug_shrine, item_on_display_a, uniq_eustachio,
          uniq_blork_the_orc
D:6:      layout_loops_cross, minmay_temple_entry_butterflies, minivault_23

Skill      XL: |  1  2  3  4  5 |
---------------+----------------+-----
Poison Magic   | 4 5 6 |  6.6
Dodging        | |  1.7
Stealth        | |  1.7
Spellcasting   | |  2.0
Transmutations | |  0.8

Action                   |  1- 3 |  4- 6 || total
-------------------------+-------+-------++-------
Melee: Short sword       |    47 |    15 ||    62
       Tailslap          |     3 |     1 ||     4
Throw: Stone             |       |     2 ||     2
       Dart              |       |     1 ||     1
 Cast: Sting             |    52 |    26 ||    78
       Poisonous Vapours |     1 |       ||     1
       Mephitic Cloud    |       |     2 ||     2
  Use: Potion            |       |     4 ||     4
       Scroll            |       |     3 ||     3
 Stab: Sleeping          |     1 |     1 ||     2
Armor: Robe              |    17 |    11 ||    28
Dodge: Dodged            |    43 |    16 ||    59

Table legend: (Time is in decaauts)
 A = Elapsed time spent in this place.
 B = Non-inter-level travel time spent in this place.
 C = Inter-level travel time spent in this place.
 D = Time resting spent in this place.
 E = Time spent auto-exploring this place.
 F = Levels seen in this place.
 G = Mean time per level.
                   A        B        C        D        E       F      G
               +--------+--------+--------+--------+--------+-----+--------+
         Total |   3415 |   3357 |     58 |    455 |   2232 |   5 |  683.0 |
       Dungeon |   3415 |   3357 |     58 |    455 |   2232 |   5 |  683.0 |
               +--------+--------+--------+--------+--------+-----+--------+

Top non-repeatable levels by time:
     D:1: 1428 daAuts
     D:3: 989 daAuts
     D:2: 876 daAuts
     D:6: 68 daAuts
     D:5: 52 daAuts
